 Dungeon Crawl Stone Soup version 0.29-a0-885-gb26ba3297d (webtiles) character file.

Game seed: 10152153567709285071

79 Sabo the Digger (level 4, -5/27 HPs)
             Began as an Octopode Earth Elementalist on July 20, 2022.
             Was a Follower of the Shining One.
             Killed by nerve-wracking pain
             ... invoked by an orc priest
              (9 damage)
             ... on level 3 of the Dungeon.
             The game lasted 00:18:47 (3319 turns).

Sabo the Digger (Octopode Earth Elementalist)       Turns: 3319, Time: 00:18:47

Health: -5/27      AC:  1    Str:  7    XL:     4   Next: 37%
Magic:  3/8        EV: 13    Int: 19    God:    the Shining One [*.....]
Gold:   146        SH:  0    Dex: 12    Spells: 4/8 levels left

rFire   . . .      SeeInvis .   b - +2 dagger (flame)
rCold   + . .      Faith    .   (no shield)
rNeg    . . .      Spirit   .   (helmet restricted)
rPois   .          Reflect  .   (no amulet)
rElec   .          Harm     .   l - ring of protection from cold
rCorr   .          Rampage  .   (no ring)
Will    .....                   (no ring)
Stlth   ++........              (no ring)
HPRegen 0.09/turn               (no ring)
MPRegen 0.11/turn               (no ring)
                                (no ring)
                                (no ring)

@: very slightly contaminated, glowing
A: almost no armour, amphibious, 8 rings, camouflage 1, gelatinous body 1,
(nimble swimmer 1), tentacles
a: Renounce Religion, Divine Shield


You were on level 3 of the Dungeon.
You worshipped the Shining One.
The Shining One was aware of your devotion.
You visited 1 branch of the dungeon, and saw 3 of its levels.

You collected 146 gold pieces.

Inventory:

Hand Weapons
 b - a +2 dagger of flaming (weapon)
 c - a +0 long sword
 m - a +0 sling
Missiles
 g - 5 poisoned darts (quivered)
Jewellery
 l - a ring of protection from cold (left tentacle)
Wands
 p - a wand of flame (13)
Scrolls
 d - a scroll of poison
 e - a scroll of blinking
 h - a scroll of silence {unknown}
 j - a scroll of fog {unknown}
 k - 2 scrolls of teleportation
 n - 3 scrolls of magic mapping {unknown}
 q - a scroll of enchant armour {unknown}
 r - a scroll of fear {unknown}
Potions
 a - a potion of magic
 f - 2 potions of flight {unknown}
 i - 2 potions of brilliance {unknown}
 o - a potion of curing {unknown}


   Skills:
 + Level 2.0 Dodging
 + Level 3.4 Stealth
 + Level 2.8 Spellcasting
 + Level 1.0 Transmutations
 + Level 4.2 Earth Magic


You had 4 spell levels left.
You knew the following spells:

 Your Spells              Type           Power      Damage    Failure   Level
a - Sandblast             Erth           36%        2d10      2%          1
b - Stone Arrow           Conj/Erth      20%        3d8       21%         3

Your spell library contained the following spells:

 Spells                   Type           Power      Damage    Failure   Level
 Passwall                 Tmut/Erth      10%        N/A       9%          2
 Ensorcelled Hibernation  Hex/Ice        4%         N/A       24%         2
 Portal Projectile        Hex/Tloc       4%         N/A       43%         3
 Swiftness                Air            2%         N/A       43%         3
 Tukima's Dance           Hex            2%         N/A       43%         3
 Petrify                  Tmut/Erth      12%        N/A       47%         4
 Blade Hands              Tmut           3%         N/A       96%         5


Dungeon Overview and Level Annotations

Branches:
Dungeon (3/15)

Altars:
The Shining One


Innate Abilities, Weirdness & Mutations

You cannot wear most types of armour.
You are amphibious.
You can wear up to eight rings at the same time.
Your skin changes colour to match your surroundings (Stealth+).
Your rubbery body absorbs attacks. (AC +1, EV +1)
((You are camouflaged when in or above water. (Stealth+)))
You have tentacles for arms and can constrict up to eight enemies at once.


Message History

Aiming: Sandblast (safe; 2% risk of failure)
Press: ? - help, Shift-Dir - straight line, f - orc priest
Aim: an orc priest, wielding a +0 whip and wearing a +0 chain mail (haloed, 89% to hit)
The blast of sand hits the orc priest!
The orc priest is almost dead.
The orc priest hits you with a +0 whip. The orc priest closely misses you.
Casting: Sandblast (safe; 2% risk of failure)
Confirm with . or Enter, or press ? or * to list all spells.
Aiming: Sandblast (safe; 2% risk of failure)
Press: ? - help, Shift-Dir - straight line, f/p - orc priest
Aim: an orc priest, wielding a +0 whip and wearing a +0 chain mail (almost dead, haloed, 89% to hit)
The blast of sand hits the orc priest.
The orc priest is almost dead.
The orc priest mumbles some strange prayers to Beogh against you.
Pain shoots through your body! The orc priest closely misses you.
Casting: Sandblast (safe; 2% risk of failure)
Confirm with . or Enter, or press ? or * to list all spells.
Aiming: Sandblast (safe; 2% risk of failure)
Press: ? - help, Shift-Dir - straight line, f/p - orc priest
Aim: an orc priest, wielding a +0 whip and wearing a +0 chain mail (almost dead, haloed, 89% to hit)
You miscast Sandblast.
You are very lightly contaminated with residual magic.
Nothing appears to happen.
The orc shouts!
The orc priest calls down the wrath of Beogh upon you.
Beogh smites you!
* * * LOW HITPOINT WARNING * * *
The orc priest hits you with a +0 whip.
* * * LOW HITPOINT WARNING * * *
Unknown command.
Casting: Sandblast (safe; 2% risk of failure)
Confirm with . or Enter, or press ? or * to list all spells.
Aiming: Sandblast (safe; 2% risk of failure)
Press: ? - help, Shift-Dir - straight line, f/p - orc priest
Aim: an orc priest, wielding a +0 whip and wearing a +0 chain mail (almost dead, haloed, 89% to hit)
The blast of sand hits the orc priest but does no damage.
The orc priest is almost dead.
The orc priest invokes the aid of Beogh against you.
Pain shoots through your body!
You die...

######.##########..#
.....#.# #..# #
####.#[# #..#.#
.......# #..#.#####
.#.#.###
######......... ......#
####..............
.#.#..#
.............#####
.#.#..##.###.###.#####
##.#..##.# # # #@#
.........## .# #o#
#####.....##.###)#
#####.....#...##......#
..............##†o....#
#####.....#...##......#
#...<.# ##...o.##
###.### #..#.## #.#
#..#.#


You could see an orc priest and an orc.

Vanquished Creatures
  2 adders
  A worm (D:2)
  A dart slug (D:2)
  An orc (D:3)
  7 ball pythons
  6 endoplasms
  A giant cockroach (D:1)
  7 goblins
  3 hobgoblins
  3 jackals (D:1)
  3 kobolds
  A quokka (D:1)
  8 bats
  6 rats
50 creatures vanquished.

Notes
Turn   | Place    | Note
-------+----------+-------------------------------------------
     0 | D:1      | Sabo the Octopode Earth Elementalist began the quest for
                  | the Orb.
     0 | D:1      | Reached XP level 1. HP: 11/11 MP: 3/3
    60 | D:1      | You fall into a shaft and drop 1 floor!
   107 | D:1      | Prayed at the altar of an unknown god.
   107 | D:1      | Became a worshipper of the Shining One
   107 | D:1      | Reached * piety under the Shining One
   289 | D:2      | Reached XP level 2. HP: 17/17 MP: 1/5
  1035 | D:1      | Reached XP level 3. HP: 21/21 MP: 3/6
  1938 | D:2      | Reached skill level 4 in Earth Magic
  2362 | D:2      | Reached XP level 4. HP: 27/27 MP: 5/8
  3297 | D:3      | Learned a level 3 spell: Stone Arrow
  3319 | D:3      | Killed from afar by an orc priest

Illustrated notes

Levels and vault maps discovered:
D:1:      spicycebolla_arrival_ecumenical, layout_basic
D:2:      layout_basic
D:3:      cheibrodos_thug_alley, layout_loops_ring

Skill      XL: |  1  2  3 |
---------------+----------+-----
Stealth        | 3 |  3.4
Earth Magic    | 4 |  4.2
Dodging        | |  2.0
Spellcasting   | |  2.8
Transmutations | |  1.0

Action                   |  1- 3 |  4- 6 || total
-------------------------+-------+-------++-------
Melee: Dagger            |    11 |     1 ||    12
       Tentacles         |     4 |     1 ||     5
       Constrict         |     4 |     1 ||     5
 Cast: Sandblast         |    42 |    14 ||    56
  Use: Scroll            |       |     4 ||     4
Armor: Skin              |     7 |     1 ||     8
Dodge: Dodged            |    19 |     6 ||    25

Table legend: (Time is in decaauts)
 A = Elapsed time spent in this place.
 B = Non-inter-level travel time spent in this place.
 C = Inter-level travel time spent in this place.
 D = Time resting spent in this place.
 E = Time spent auto-exploring this place.
 F = Levels seen in this place.
 G = Mean time per level.
                   A        B        C        D        E       F      G
               +--------+--------+--------+--------+--------+-----+--------+
         Total |   3376 |   3376 |      0 |   1135 |      0 |   3 | 1125.3 |
       Dungeon |   3376 |   3376 |      0 |   1135 |      0 |   3 | 1125.3 |
               +--------+--------+--------+--------+--------+-----+--------+

Top non-repeatable levels by time:
     D:1: 1497 daAuts
     D:2: 1494 daAuts
     D:3: 384 daAuts
